 Seeded DCSS version 0.25-a0-287-g56a5b49 (webtiles) character file.

Game seed: 20191212, levelgen mode: deterministic

36 FruityBerryJuice the Skirmisher (level 3, 0/33 HPs)
             Began as a Formicid Chaos Knight on Dec 12, 2019.
             Was a Plaything of Xom.
             Shot with an arrow by a centaur (8 damage)
             ... on level 2 of the Dungeon.
             The game lasted 00:01:58 (769 turns).

FruityBerryJuice the Skirmisher (FoCK)               Turns: 769, Time: 00:01:58

Health: 0/33       AC:  5    Str: 18    XL:     3   Next: 57%
Magic:  3/3        EV: 11    Int: 12    God:    Xom [.....*]
Gold:   36         SH:  0    Dex: 10    Spells: 2/2 levels left

rFire    . . .     SeeInvis +   a - +0 falchion (chaos)
rCold    . . .     Gourm    .   (no shield)
rNeg     . . .     Faith    .   b - +2 leather armour
rPois    .         Spirit   .   (helmet unavailable)
rElec    .         Reflect  .   (no cloak)
rCorr    .         Harm     .   (no gloves)
MR       +....                  (no boots)
Stlth    +.........             (no amulet)
HPRegen  0.11/turn              (no ring)
MPRegen  0.08/turn              (no ring)

@: no status effects
A: permanent stasis, dig shafts and tunnels, four strong arms, antennae 3, high
mp 1, magic resistance 1, robust 1, strong 1
a: Dig, Shaft Self, Renounce Religion


You were on level 2 of the Dungeon.
You worshipped Xom.
You were Xom's teddy bear.
You were not hungry.

You visited 1 branch of the dungeon, and saw 2 of its levels.

You collected 36 gold pieces.

Inventory:

Hand Weapons
 a - a +0 falchion of chaos (weapon)
Armour
 b - a +2 leather armour (worn)
Scrolls
 d - 2 scrolls of remove curse {unknown}
Comestibles
 c - a ration


   Skills:
 + Level 4.0 Fighting
 + Level 3.4 Long Blades
 + Level 2.6 Armour
 + Level 1.1 Dodging


You had 2 spell levels left.
You didn't know any spells.
Your spell library was empty.

Dungeon Overview and Level Annotations

Branches:
Dungeon (2/15)

Altars:


Innate Abilities, Weirdness & Mutations

You cannot be hasted, slowed, berserked, paralysed or teleported.
You can dig through walls and to a lower floor.
Your four strong arms can wield two-handed weapons with a shield.
You have a pair of large antennae on your head. (SInv)
You have an increased reservoir of magic. (+10% MP)
You are resistant to hostile enchantments. (MR+)
You are robust. (+10% HP)
Your muscles are strong. (Str +2)


Message History

Found a stone staircase leading up.
The centaur shoots an arrow.
The arrow misses you.
The centaur shoots an arrow.
The arrow barely misses you.
The centaur shoots an arrow.
The arrow hits you!
You see here 2 arrows.
The centaur shoots an arrow.
The arrow hits you!
You see here an arrow.
The centaur shoots an arrow.
The arrow hits you but does no damage.
You see here 2 arrows.
The centaur shoots an arrow.
The arrow closely misses you.
You see here an arrow.
The centaur shoots an arrow.
The arrow hits you.
You see here an arrow.
The centaur shoots an arrow.
The arrow closely misses you.
The centaur shoots an arrow.
The arrow hits you.
* * * LOW HITPOINT WARNING * * *
You see here an arrow.
The centaur shoots an arrow.
The arrow hits you!
You die...
Xom chortles!

......#.#.##........
#...c.(((c......
##.(#.##.###.###
#(.#.##.# #..#.##.#
#..#.##.# #).#.##.#
#.(#.##..
#.########(@#.######
#.......)...#.#....#
#########...#.#.##.######
#..(#.#.<#......#
#...#.#########.# #...#..
..# #.# #..>#######.###.#
#.#.......#.#...#
#.#.#####.#.#.#.#


You could see a centaur.

Vanquished Creatures
  Natasha (D:2)
  A ball python (D:1)
  A hobgoblin (D:1)
  3 jackals (D:1)
  A kobold (D:2)
  A bat (D:1)
  2 goblins
  A rat (D:2)
11 creatures vanquished.

Notes
Turn   | Place    | Note
-------+----------+-------------------------------------------
     0 | D:1      | FruityBerryJuice the Formicid Chaos Knight began the quest
                  | for the Orb.
     0 | D:1      | Reached XP level 1. HP: 18/18 MP: 1/1
     2 | D:1      | XOM: harmless Tloc miscast
   149 | D:1      | XOM: give mutations
   149 | D:1      | Gained mutation: You have an increased reservoir of magic.
                  | (+10% MP) [Xom's grace]
   149 | D:1      | Gained mutation: You are resistant to hostile enchantments.
                  | (MR+) [Xom's grace]
   149 | D:1      | Gained mutation: You are robust. (+10% HP) [Xom's grace]
   149 | D:1      | Gained mutation: Your muscles are strong. (Str +2) [Xom's
                  | grace]
   375 | D:1      | Reached XP level 2. HP: 22/26 MP: 2/2
   426 | D:2      | Reached skill level 1 in Dodging
   432 | D:2      | Noticed Natasha
   437 | D:2      | Noticed a crimson imp
   444 | D:2      | Killed Natasha
   444 | D:2      | Reached skill level 4 in Fighting
   444 | D:2      | Reached XP level 3. HP: 6/33 MP: 3/3
   755 | D:2      | Noticed a centaur
   769 | D:2      | Shot with an arrow by a centaur

Levels and vault maps discovered:
D:1:      dpeg_arrival_triangle_fractal, layout_basic
D:2:      layout_basic, uniq_natasha

Skill      XL: |  1  2 |
---------------+-------+-----
Dodging        | 1 |  1.1
Fighting       | 4 |  4.0
Long Blades    | |  3.4
Armour         | |  2.6

Action                   || total
-------------------------++-------
Melee: Falchion          ||    26
Armor: Leather armour    ||    21
Dodge: Dodged            ||    42
       Rpst.: Falchion   ||    15

Table legend:
 A = Non-vault XP
 B = Vault XP
 C = Vault XP percentage of total XP
 D = Non-vault monster count
 E = Vault monster count
 F = Vault count percentage of total count
                 A         B        C        D         E       F
            +---------+---------+-------+---------+---------+-------
      Total |      16 |      36 |  69.2 |      10 |       1 |   9.1
            +---------+---------+-------+---------+---------+-------
        D:1 |      12 |       0 |   0.0 |       7 |       0 |   0.0
        D:2 |       4 |      36 |  90.0 |       3 |       1 |  25.0
            +---------+---------+-------+---------+---------+-------
